 Dungeon Crawl Stone Soup version 0.31-a0-344-gd109795599 (webtiles) character file.

Game seed: 11337338581308391829

1004 AdnanSaban the Cudgeller (level 8, 0/49 HPs)
             Began as a Gargoyle Fighter on July 22, 2023.
             Slain by a scorpion (4 damage)
             ... on level 4 of the Dungeon.
             The game lasted 00:05:29 (4088 turns).

AdnanSaban the Cudgeller (Gargoyle Fighter)         Turns: 4088, Time: 00:05:31

Health: 0/49       AC: 15    Str: 23    XL:     8   Next: 20%
Magic:  0/8        EV: 10    Int:  8    God:
Gold:   289        SH:  4    Dex:  9    Spells: 7/7 levels left

rFire   . . .        a - +0 flail
rCold   . . .        c - +0 buckler
rNeg    + . .        b - +0 scale mail
rPois   ∞            e - +0 helmet
rElec   +            (no cloak)
rCorr   .            (no gloves)
SInv    .            q - +0 pair of boots
Will    .....        C - amulet of guardian spirit Stlth
                     A - ring of flight
HPRegen 0.28/turn    (no ring)
MPRegen 0.11/turn

%: guardian spirit
@: flying
A: sickness immunity, AC +5, negative energy resistance 1, electricity
resistance, torment resistance 1, petrification resistance
a: no special abilities


You were on level 4 of the Dungeon.
You visited 1 branch of the dungeon, and saw 5 of its levels.

You collected 289 gold pieces.

Inventory:

Hand Weapons
 a - a +0 flail (weapon)
Missiles
 u - 6 atropa-tipped darts (quivered)
Armour
 b - a +0 scale mail (worn)
 c - a +0 buckler (worn)
 e - a +0 helmet (worn)
 q - a +0 pair of boots (worn)
Jewellery
 m - a ring of ice
 p - a ring of magical power
 A - a ring of flight (left hand)
 C - an amulet of guardian spirit (around neck)
Wands
 n - a wand of flame (23)
Scrolls
 g - a scroll of amnesia {unknown}
 h - a scroll of identify {unknown}
 i - 3 scrolls of immolation {unknown}
 k - a scroll of noise {unknown}
 l - 2 scrolls of blinking {unknown}
 s - a scroll of torment {unknown}
 v - a scroll of enchant weapon {unknown}
 y - 4 scrolls of fear {unknown}
 B - a scroll of enchant armour {unknown}
 E - a scroll of brand weapon {unknown}
Potions
 d - a potion of might
 f - a potion of curing {unknown}
 j - 2 potions of resistance {unknown}
 o - a potion of heal wounds {unknown}
 r - a potion of invisibility {unknown}
 t - a potion of lignification {unknown}
 w - 3 potions of enlightenment {unknown}
 x - a potion of attraction {unknown}
 z - a potion of ambrosia {unknown}
 D - a potion of mutation {unknown}


   Skills:
 + Level 5.0 Fighting
 + Level 6.3 Maces & Flails
 + Level 5.3 Armour
 + Level 2.4 Dodging
 + Level 4.8 Shields


You had 7 spell levels left.
You didn't know any spells.
Your spell library was empty.

Dungeon Overview and Level Annotations

Branches:
Dungeon (5/15)
 Temple: D:4-7

Altars:
Makhleb
Wu Jian
Xom

Shops:
D:1 ?[?![   D:3 *   D:4 **

Annotations:
D:5 Pikel, Prince Ribbit


Innate Abilities, Weirdness & Mutations

You are immune to sickness and miasma.
Your stone body is resilient. (AC +5)
You are immune to poison.
You resist negative energy. (rN+)
You are resistant to electric shocks. (rElec)
You are resistant to unholy torment.
You are immune to petrification.


Message History

The scorpion stings you but does no damage.
The hound barely misses you.
You completely miss the hound.
The hound is almost dead.
The hound bites you but does no damage.
The scorpion stings you but does no damage.
You block the hound's attack.
The scorpion stings you but does no damage.
You closely miss the hound.
The hound is almost dead.
The hound bites you but does no damage. The scorpion stings you.
You closely miss the hound.
The hound is almost dead.
The hound bites you.
* * * LOW HITPOINT WARNING * * *
The scorpion closely misses you. The hound misses you.
You closely miss the hound.
The hound is almost dead.
The scorpion stings you but does no damage.
The hound barely misses you. The scorpion completely misses you.
You hit the hound but do no damage.
The hound is almost dead.
The hound closely misses you. x2; The scorpion completely misses you.
You miss the hound.
The hound is almost dead.
The hound bites you.
* * * LOW HITPOINT WARNING * * *
The scorpion stings you but does no damage.
The hound closely misses you.
You barely miss the hound.
The hound is almost dead.
The scorpion stings you but does no damage.
The hound closely misses you.
You closely miss the hound.
The hound is almost dead.
The hound bites you.
* * * LOW HITPOINT WARNING * * *
The scorpion barely misses you. You block the hound's attack.
The scorpion stings you.
You die...

#.########..#..... #.#
##.......#. ###'##
##....#..#..
#....####.......#...
#....##.#.#.#.#.....
#....###.......#.... ########
#....###.....#..#... #......#
#.s.........#....#.. #......#
###@#......#......#. #......#
#h#..............# #......#
#................. #......#
#..........#.##### #......#
#..#.......#.#.# #......#
#..#.......#)#.#
#......#####..####+####.#.###
#..........#######.####.#.#..
####.......#_._#......)......


You could see a scorpion and a hound.

Vanquished Creatures
  Sigmund (D:2)
  A water moccasin (D:4)
  An ice beast (D:5)
  A phantom (D:5)
  A crimson imp (D:4)
  2 sleepcaps
  An orc priest (D:5)
  4 hounds
  Natasha (twice) (D:2)
  2 iguanas (D:4)
  10 gnolls
  7 adders
  An ufetubus (D:5)
  2 worms
  4 dart slugs
  8 orcs
  5 bats
  6 endoplasms
  2 giant cockroaches (D:3)
  4 goblins
  7 hobgoblins
  A quokka (D:2)
  8 ball pythons
  7 kobolds
  9 rats
97 creatures vanquished.

Notes
Turn   | Place    | Note
-------+----------+-------------------------------------------
     0 | D:1      | AdnanSaban the Gargoyle Fighter began the quest for the
                  | Orb.
     0 | D:1      | Reached XP level 1. HP: 14/14 MP: 1/1
    37 | D:1      | Found Qech's Antique Armour Shop.
   128 | D:1      | Found Wettifist's Magic Scroll Shoppe.
   143 | D:1      | Reached XP level 2. HP: 19/19 MP: 2/2
   187 | D:1      | Found Curghukki's Armour Shoppe.
   336 | D:1      | Found Ywel's Magic Scroll Boutique.
   355 | D:1      | Found Osegiw's Distillery.
   700 | D:2      | Reached XP level 3. HP: 13/23 MP: 3/3
   888 | D:2      | Noticed Sigmund
   954 | D:2      | HP: 1/24 [Sigmund/+1 scythe of pain (3)]
   955 | D:2      | Killed Sigmund
   956 | D:2      | Reached skill level 3 in Maces & Flails
   956 | D:2      | Reached skill level 1 in Dodging
   956 | D:2      | Reached XP level 4. HP: 2/29 MP: 4/4
   956 | D:2      | Reached XP level 5. HP: 2/33 MP: 5/5
  1207 | D:2      | Noticed Natasha
  1218 | D:2      | Killed Natasha
  1307 | D:2      | Noticed Natasha
  1318 | D:2      | Killed Natasha
  1319 | D:2      | Reached XP level 6. HP: 33/38 MP: 6/6
  1610 | D:3      | Reached skill level 4 in Maces & Flails
  1693 | D:3      | Found Zivifiqa's General Store.
  2564 | D:4      | Found Feavith's Serpentskin Sales.
  2564 | D:4      | Noticed a water moccasin
  2574 | D:4      | Killed a water moccasin
  2575 | D:4      | Reached XP level 7. HP: 37/44 MP: 7/7
  2989 | D:4      | Reached skill level 5 in Maces & Flails
  2998 | D:4      | Found Dynipumi's Mayhem Merchandise.
  3008 | D:4      | Reached skill level 5 in Armour
  3054 | D:4      | Found an ornate altar of the Wu Jian Council.
  3108 | D:4      | Found a shimmering altar of Xom.
  3108 | D:4      | Found a burning altar of Makhleb.
  3396 | D:5      | Entered Level 5 of the Dungeon
  3461 | D:5      | Reached XP level 8. HP: 43/48 MP: 8/8
  3636 | D:5      | Reached skill level 6 in Maces & Flails
  3950 | D:5      | Reached skill level 5 in Fighting
  3979 | D:5      | Noticed Pikel
  3979 | D:5      | Noticed Prince Ribbit
  4088 | D:4      | Slain by a scorpion

Illustrated notes

Levels and vault maps discovered:
D:1:      moated_graveyard_arrival, layout_basic, serial_shops,
          nicolae_shop_hallway_plus, shop, nicolae_shop_industrial_runoff, shop,
          shop
D:2:      layout_basic, uniq_natasha, uniq_sigmund
D:3:      minmay_angry_zag, layout_basic, serial_shops, nicolae_diamond_shop
D:4:      layout_basic, grunt_temple_overflow_champion_of_chaos,
          nzn_wu_jian_council_hall, hangedman_decor_opposing,
          minmay_misc_feat_pillars, minmay_shop_mayhem, guppyfry_shop_venom
D:5:      layout_basic, uniq_pikel, uniq_prince_ribbit1

Skill      XL: |  1  2  3  4  5  6  7  8 |
---------------+-------------------------+-----
Fighting       | 4 5 |  5.0
Maces & Flails | 3 4 5 6 |  6.3
Armour         | 4 5 |  5.3
Dodging        | 1 2 |  2.4
Shields        | 4 |  4.8

Action                     |  1- 3 |  4- 6 |  7- 9 || total
---------------------------+-------+-------+-------++-------
  Melee: Flail             |   104 |   149 |   204 ||   457
 Armour: Scale mail        |    54 |    86 |   130 ||   270
  Dodge: Dodged            |    72 |    85 |   141 ||   298
  Block: Buckler           |    24 |    39 |    49 ||   112

Table legend: (Time is in decaauts)
 A = Elapsed time spent in this place.
 B = Non-inter-level travel time spent in this place.
 C = Inter-level travel time spent in this place.
 D = Time resting spent in this place.
 E = Time spent auto-exploring this place.
 F = Levels seen in this place.
 G = Mean time per level.
                   A        B        C        D        E       F      G
               +--------+--------+--------+--------+--------+-----+--------+
         Total |   4176 |   4089 |     87 |     94 |   2956 |   5 |  835.2 |
       Dungeon |   4176 |   4089 |     87 |     94 |   2956 |   5 |  835.2 |
               +--------+--------+--------+--------+--------+-----+--------+

Top non-repeatable levels by time:
     D:2: 1074 daAuts
     D:4: 1069 daAuts
     D:3: 894 daAuts
     D:5: 581 daAuts
     D:1: 557 daAuts
